AoeStats
← abohelmo

QS Arena

503268337Analyzed
4v4 RM · 1mo ago on Aug 30, 2026· 42m 33s· 8 players
Game mode
Random Map
Map size
Large (8 player)
Population
200
Speed
Normal
Resources
Standard
Victory
Conquest
Starting age
Dark Age
Ending age
Imperial Age
RankedLock teamsTeams togetherTeam positionsShared explorationLock speedFull tech treeHidden civsTurbo modeCheats
Victory
Defeat
🇨🇱 Bulgarians · Chile
1011
+17
🇨🇱 Italians · Chile
968
+19
🇨🇱 Persians · Chile
961
+19
🇨🇱 Celts · Chile
961
+19
🇬🇧 Goths · United Kingdom
1073
-20
🇪🇬 Romans · Egypt
1045
-19
🇲🇽 Gurjaras · Mexico
1019
-18
🇨🇴 Slavs · Colombia
1002
-17
Tlacaelel.MX
7:14 Feudal Age
8:51 Loom
11:51 Castle Age
11:10 Double-Bit Axe
11:26 Stone Mining
13:23 Wheelbarrow
13:16 Horse Collar
21:51 Heavy Plow
23:28 Hand Cart
29:04 Imperial Age
28:11 Kshatriyas
28:45 Gold Mining
29:15 Bow Saw
29:44 Fletching
29:55 Padded Archer Armor
29:53 Town Watch
29:56 Elite Skirmisher
31:01 Bloodlines
30:52 Husbandry
30:49 Bodkin Arrow
31:42 Bracer
32:19 Ballistics
32:34 Conscription
34:15 Chemistry
33:20 Light Cavalry
34:25 Fortified Wall
34:44 Thumb Ring
35:40 Crop Rotation
35:46 Leather Archer Armor
35:42 Forging
36:33 Elite Elephant Archer
37:58 Iron Casting
37:24 Scale Mail Armor
38:13 Gold Shaft Mining
38:16 Heavy Camel Rider
39:11 Scale Barding Armor
mauriciorua26
0:27 Loom
11:16 Feudal Age
13:04 Double-Bit Axe
13:01 Horse Collar
13:15 Stone Mining
15:32 Castle Age
16:27 Wheelbarrow
18:28 Man-at-Arms
23:40 Bow Saw
26:21 Imperial Age
23:44 Man-at-Arms
25:09 Forging
25:02 Scale Mail Armor
24:32 Long Swordsman
25:25 Scale Mail Armor
26:40 Iron Casting
26:39 Two-Handed Swordsman
27:01 Pikeman
33:09 Chemistry
31:31 Champion
31:33 Halberdier
36:13 Druzhina
38:56 Blast Furnace
38:13 Chain Mail Armor
abohelmo
0:30 Loom
9:47 Feudal Age
14:56 Castle Age
13:27 Double-Bit Axe
13:25 Horse Collar
14:46 Man-at-Arms
16:37 Wheelbarrow
15:46 Long Swordsman
17:06 Forging
18:08 Hand Cart
19:20 Stone Mining
19:21 Gold Mining
19:40 Scale Mail Armor
21:58 Iron Casting
21:40 Chain Mail Armor
24:41 Pikeman
26:12 Squires
31:53 Bow Saw
31:45 Heavy Plow
32:25 Stone Shaft Mining
34:55 Town Watch
36:34 Town Patrol
43:26 Imperial Age
41:01 Anarchy
knight
7:32 Loom
11:45 Feudal Age
14:05 Wheelbarrow
13:49 Double-Bit Axe
15:13 Man-at-Arms
18:01 Castle Age
maltax3
8:46 Feudal Age
9:19 Horse Collar
9:50 Double-Bit Axe
12:18 Gold Mining
12:23 Man-at-Arms
12:53 Arson
20:45 Castle Age
19:03 Forging
18:59 Scale Barding Armor
18:56 Scale Mail Armor
21:23 Gambesons
20:59 Long Swordsman
22:23 Iron Casting
22:03 Chain Mail Armor
25:41 Chain Mail Armor
27:59 Wheelbarrow
27:09 Loom
27:10 Town Watch
34:07 Imperial Age
32:37 Hand Cart
32:22 Stone Mining
33:36 Town Patrol
34:14 Bow Saw
35:28 Two-Handed Swordsman
36:20 Champion
37:20 Caravan
39:02 Blast Furnace
40:15 Chemistry
39:04 Capped Ram
41:06 Siege Ram
Rauliño
7:51 Feudal Age
12:06 Castle Age
10:47 Double-Bit Axe
12:55 Scale Mail Armor
13:35 Loom
15:39 Forging
17:01 Chain Mail Armor
17:37 Town Watch
22:24 Wheelbarrow
21:47 Horse Collar
22:59 Gambesons
26:39 Arson
27:48 Iron Casting
31:09 Hand Cart
30:46 Gold Mining
36:31 Imperial Age
35:40 Gold Shaft Mining
38:28 Bagains
40:21 Plate Mail Armor
40:16 Conscription
41:28 Squires
43:29 Blast Furnace
Kenmarks
8:32 Feudal Age
13:18 Castle Age
19:24 Double-Bit Axe
19:31 Horse Collar
21:54 Forging
23:01 Scale Barding Armor
23:25 Husbandry
23:36 Bloodlines
25:09 Wheelbarrow
25:11 Iron Casting
26:39 Chain Barding Armor
27:30 Hand Cart
30:30 Imperial Age
28:12 Padded Archer Armor
28:03 Fletching
31:55 Bow Saw
31:39 Town Watch
31:58 Heavy Plow
33:04 Blast Furnace
32:21 Gold Mining
32:11 Cavalier
33:41 Gold Shaft Mining
33:27 Loom
34:42 Plate Barding Armor
33:46 Savar
35:18 Crop Rotation
35:59 Two-Man Saw
35:49 Town Patrol
37:34 Ballistics
38:15 Chemistry
39:38 Bodkin Arrow
39:59 Leather Archer Armor
39:31 Crossbowman
40:17 Thumb Ring
41:07 Stone Mining
42:44 Stone Shaft Mining
Hinokami
9:17 Feudal Age
13:42 Castle Age
11:54 Fletching
11:56 Horse Collar
14:13 Double-Bit Axe
14:29 Bodkin Arrow
14:04 Crossbowman
17:26 Padded Archer Armor
18:13 Heavy Plow
19:17 Wheelbarrow
18:31 Loom
18:46 Gold Mining
19:22 Bow Saw
20:57 Fortified Wall
21:07 Leather Archer Armor
22:03 Ballistics
22:35 Masonry
23:24 Stone Mining
27:58 Imperial Age
26:52 Thumb Ring
26:52 Treadmill Crane
28:40 Hand Cart
29:44 Chemistry
29:23 Forging
29:15 Bracer
29:33 Arbalester
33:42 Elite Skirmisher
34:18 Town Watch
36:28 Ring Archer Armor
37:50 Architecture
38:40 Town Patrol
40:50 Conscription
41:08 Stone Shaft Mining
Connection lost

Rejoining the realm…

Still unreachable

The connection could not be restored.

Session expired

The server has moved on; the page needs a fresh start.